 Dungeon Crawl Stone Soup version 0.27-a0-1193-g8631133539 (webtiles) character file.

Game seed: 5864776556874585194

1423 Sobieck the Conjurer (level 8, -3/46 HPs)
             Began as a Tengu Air Elementalist on May 25, 2021.
             Succumbed to a killer bee's poison
             ... on level 5 of the Dungeon.
             The game lasted 00:20:40 (7618 turns).

Sobieck the Conjurer (Tengu Air Elementalist)       Turns: 7618, Time: 00:20:40

Health: -3/46      AC:  3    Str:  9    XL:     8   Next: 72%
Magic:  14/15      EV: 16    Int: 17    God:
Gold:   1178       SH:  0    Dex: 15    Spells: 3/15 levels left

rFire    . . .     SeeInvis +   D - +1 quarterstaff "Comawkuz" {flame, rElec SInv, staff}
rCold    . . .     Faith    .   (shield currently unavailable)
rNeg     . . .     Spirit   .   a - +1 robe
rPois    .         Reflect  .   (helmet restricted)
rElec    +         Harm     .   (no cloak)
rCorr    +         Rampage  .   (no gloves)
Will     .....                  (boots unavailable)
Stlth    ++........             (no amulet)
HPRegen  0.15/turn              u - ring of wizardry
MPRegen  0.14/turn              z - ring of resist corrosion

@: lethally poisoned (-3 -> -20), flying quickly and evasively, quick
A: beak, talons 3, nimble flight
a: no special abilities


You were on level 5 of the Dungeon.
You visited 1 branch of the dungeon, and saw 6 of its levels.

You collected 1178 gold pieces.


Innate Abilities, Weirdness & Mutations

You have a beak for a mouth.
You have claws for feet.
Your magical nature lets you fly swiftly and evasively.


   Skills:
 + Level 3.0 Fighting
 + Level 4.0 Dodging
 - Level 2.0 Stealth
 + Level 4.0 Spellcasting
 + Level 7.0 Conjurations
 + Level 5.0 Fire Magic
 + Level 7.0 Air Magic
 + Level 0.3 Poison Magic


You had 3 spell levels left.
You knew the following spells:

 Your Spells              Type           Power      Damage    Failure   Level
a - Shock                 Conj/Air       100%       1d9       1%          1
b - Foxfire               Conj/Fire      96%        2x1d8     1%          1
c - Swiftness             Air            27%        N/A       1%          3
d - Airstrike             Air            13%        N/A       3%          4
e - Mephitic Cloud        Conj/Pois/Air  19%        N/A       2%          3

Your spell library contained the following spells:

 Spells                   Type           Power      Damage    Failure   Level
 Magic Dart               Conj           100%       1d8       1%          1
 Static Discharge         Conj/Air       27%        N/A       1%          2
 Conjure Flame            Conj/Fire      24%        6-21      1%          3
 Animate Skeleton         Necr           6%         N/A       6%          1
 Apportation              Tloc           6%         N/A       6%          1
 Corona                   Hex            3%         N/A       6%          1
 Freeze                   Ice            12%        1d4       6%          1
 Pain                     Necr           12%        1d4       6%          1
 Summon Small Mammal      Summ           12%        N/A       6%          1
 Inner Flame              Hex/Fire       12%        N/A       7%          3
 Blink                    Tloc           N/A        N/A       10%         2
 Call Imp                 Summ           3%         N/A       10%         2
 Slow                     Hex            3%         N/A       10%         2
 Call Canine Familiar     Summ           3%         N/A       19%         3
 Frozen Ramparts          Ice            6%         1d2       19%         3
 Ozocubu's Armour         Ice            3%         N/A       19%         3
 Summon Guardian Golem    Hex/Summ       3%         N/A       19%         3
 Vampiric Draining        Necr           1%         2d6       19%         3
 Sticky Flame             Conj/Fire      24%        2d5       5%          4
 Lightning Bolt           Conj/Air       13%        1d27      10%         5
 Hailstorm                Conj/Ice       15%        3d5       16%         4
 Summon Lightning Spire   Summ/Air       15%        N/A       16%         4
 Fireball                 Conj/Fire      12%        3d7       16%         5
 Animate Dead             Necr           1%         N/A       50%         4
 Summon Ice Beast         Ice/Summ       3%         N/A       50%         4
 Agony                    Necr           3%         N/A       83%         5
 Metabolic Englaciation   Hex/Ice        1%         N/A       83%         5

Inventory:

Hand Weapons
 b - a +0 dagger {short}
   (You found it on level 1 of the Dungeon)
 l - a +0 dagger of venom {short}
   (You took it off a goblin on level 2 of the Dungeon)
 y - a +2 falchion of pain {long}
   (You found it on level 4 of the Dungeon)
 C - a +4 long sword {long}
   (You took it off a wight on level 4 of the Dungeon)
 D - the +1 quarterstaff "Comawkuz" (weapon) {flame, rElec SInv, staff}
   (You found it on level 5 of the Dungeon)

   It has been specially enchanted to burn those struck by it, causing extra
   injury to most foes and up to half again as much damage against particularly
   susceptible opponents.
   It insulates you from electricity.
   It lets you see invisible.
Missiles
 h - 129 stones {throwing}
 j - 53 sling bullets
 o - 36 arrows
 v - 58 bolts
Armour
 a - a +1 robe (worn)
Magical Staves
 c - a staff of earth {!astaff}
   (You found it on level 1 of the Dungeon)
 i - a staff of earth {!astaff}
   (You found it on level 5 of the Dungeon)
Jewellery
 d - a +6 ring of strength
   (You found it on level 5 of the Dungeon)
 u - a ring of wizardry (left hand)
   (You found it on level 3 of the Dungeon)
 z - a ring of resist corrosion (right hand)
   (You found it on level 4 of the Dungeon)
Wands
 q - a wand of digging (4)
   (You took it off an orc wizard on level 3 of the Dungeon)
Scrolls
 k - 2 scrolls of magic mapping {!r}
 n - a scroll of enchant weapon
Potions
 e - a potion of might
 p - a potion of ambrosia
 x - a potion of lignification {!q}
 A - a potion of cancellation
 B - a potion of heal wounds {unknown}

Dungeon Overview and Level Annotations

Branches:
Dungeon (6/15)             Temple (0/1) D:6

Altars:
Gozag

Annotations:
D:2 exclusion: downstairs
D:5 exclusion: downstairs

#.....##......#..#..........####.
.......#.....#................#..
...#........##......#.....)......
..##........#..).................
..##..####.##....................
######...........#.......##......
# #.....#.......[.............#
##........##ยง.##.......)....#
##.....#.##@.............###
##....#...yg.......###...#
##......โ€ ........####...##
#...................##....
#.........#....##.........
#..)...####.#.###.....##.#
#...#### ######.......#.. #####
#..##.##### ####### ##.


You could see a killer bee and a gnoll.


Message History

Aiming: Shock (safe; 1% risk of failure)
Press: ? - help, Shift-Dir - straight line, f - killer bee
Aim: a killer bee (severely wounded, ally target, 48% to hit)
Okay, then.
Casting: Shock (safe; 1% risk of failure)
Confirm with . or Enter, or press ? or * to list all spells.
Aiming: Airstrike (dangerous; 3% risk of failure)
Press: ? - help, Dir - move target, f - killer bee
Aim: a killer bee (severely wounded, ally target)
The air twists around and strikes the killer bee!
You kill the killer bee!
You feel sick. ๐Ÿ˜ฎ HP[-1] MP[-4]
You take 1 damage, and now have 27/46 hp.
You lost 4 mp, and now have 3/15 mp.
You start resting.
You feel sick.
You are no longer poisoned. ๐Ÿ˜• HP[+12] MP[+12]
You regained 12 hp, and now have 39/46 hp.
Your mp is fully restored (15).
You start resting. ๐Ÿ˜Ž HP[+7]
Your hp is fully restored (46).
You fly downwards.
A gnoll comes into view. It is wielding a +0 halberd.
The gnoll shouts!
The killer bee barely misses you. The killer bee stings you.
You are poisoned.
The killer bee poisons you! The gnoll hits you with a +0 club.
A phantom comes into view.
The killer bee stings you but does no damage.
The gnoll moves out of view.
There is a stone staircase leading up here. ๐Ÿ˜• HP[-8]
You take 8 damage, and now have 38/46 hp.
You feel very sick. The killer bee stings you. The gnoll misses you.
The killer bee stings you but does no damage.
You fly upwards.
Level annotation: exclusion: downstairs You feel very sick.
There is a stone staircase leading down here. ๐Ÿ˜ฎ HP[-11]
You take 11 damage, and now have 27/46 hp.
MASSIVE DAMAGE!! (PAUSE)
Casting: Airstrike (dangerous; 3% risk of failure)
Confirm with . or Enter, or press ? or * to list all spells.
Aiming: Mephitic Cloud (dangerous; 2% risk of failure)
Press: ? - help, Shift-Dir - straight line
Okay, then.
You feel sick. The gnoll barely misses you.
The killer bee completely misses you. ๐Ÿ˜ฎ HP[-1]
You take 1 damage, and now have 26/46 hp.
Casting: Mephitic Cloud (dangerous; 2% risk of failure)
Confirm with . or Enter, or press ? or * to list all spells.
Aiming: Mephitic Cloud (dangerous; 2% risk of failure)
Press: ? - help, Shift-Dir - straight line
Okay, then.
Casting: Mephitic Cloud (dangerous; 2% risk of failure)
Confirm with . or Enter, or press ? or * to list all spells.
Okay, then.
Casting: Mephitic Cloud (dangerous; 2% risk of failure)
Confirm with . or Enter, or press ? or * to list all spells.
Okay, then.
Casting: Mephitic Cloud (dangerous; 2% risk of failure)
Confirm with . or Enter, or press ? or * to list all spells.
Okay, then.
Casting: Mephitic Cloud (dangerous; 2% risk of failure)
Confirm with . or Enter, or press ? or * to list all spells.
You conjure some foxfire!
You feel sick. The killer bee stings you.
* * * LOW HITPOINT WARNING * * *
You are more poisoned.
The killer bee poisons you! The gnoll hits you with a +0 club.
* * * LOW HITPOINT WARNING * * *
The killer bee stings you!
* * * LOW HITPOINT WARNING * * *
๐Ÿ˜จ HP[-14] MP[-1]
You take 14 damage, and now have 12/46 hp.
MASSIVE DAMAGE!! (PAUSE)
You lost 1 mp, and now have 14/15 mp.
It was a potion of lignification.
You turn into a tree.
Your +1 robe melds into your body.
Your roots penetrate the ground.
You feel very sick.
The foxfire hits the killer bee.
The foxfire hits the gnoll.
The killer bee stings you!
* * * LOW HITPOINT WARNING * * *
You are more poisoned.
The killer bee poisons you! The gnoll barely misses you.
The killer bee stings you.
* * * LOW HITPOINT WARNING * * *
๐Ÿ˜ฑ HP[-10]
You now have 69 max hp (+23).
Unknown command.
It was a potion of cancellation.
Your magical effects are unravelling.
You feel magically purged.
You feel less wooden.
Your +1 robe unmelds from your body.
You die...

Skill      XL: |  1  2  3  4  5  6  7  8 |
---------------+-------------------------+-----
Conjurations   | 2 3 4 5 6 7 |  7.0
Fighting       | 1 2 3 |  3.0
Fire Magic     | 1 3 4 5 |  5.0
Dodging        | 3 4 |  4.0
Air Magic      | 5 7 |  7.0
Spellcasting   | 3 4 |  4.0
Stealth        | |  2.0
Poison Magic   | |  0.3

Action                   |  1- 3 |  4- 6 |  7- 9 || total
-------------------------+-------+-------+-------++-------
Melee: Unarmed           |     2 |       |       ||     2
       Dagger            |     3 |    23 |     5 ||    31
       Kick              |     2 |     7 |     3 ||    12
       Peck              |       |     2 |     2 ||     4
 Cast: Shock             |    75 |    31 |       ||   106
       Foxfire           |       |   140 |    81 ||   221
       Swiftness         |       |       |     1 ||     1
       Airstrike         |       |       |     1 ||     1
  Use: Scroll            |       |       |    12 ||    12
       Potion            |       |       |     4 ||     4
 Stab: Sleeping          |       |     1 |       ||     1
Armor: Robe              |     2 |     7 |     7 ||    16
Dodge: Dodged            |    12 |    29 |    23 ||    64

Levels and vault maps discovered:
D:1:      minmay_arrival_solitary_statue, layout_loops_corners
D:2:      layout_basic
D:3:      layout_rooms, cheibrodos_sewer_entry_drain, minmay_increasing_density
D:4:      layout_rooms, kennysheep_mini_moat
D:5:      layout_cave_pools, uniq_grinder
D:6:      layout_rooms, lemuel_temple_firewalk_a

Notes
Turn   | Place    | Note
-------+----------+-------------------------------------------
     0 | D:1      | Sobieck the Tengu Air Elementalist began the quest for the
                  | Orb.
     0 | D:1      | Reached XP level 1. HP: 10/10 MP: 4/4
     0 | D:1      | magus.rc [v1.9.6]
    27 | D:1      | Reached skill level 2 in Conjurations
   249 | D:1      | Reached XP level 2. HP: 9/15 MP: 0/6
   429 | D:1      | Reached skill level 3 in Conjurations
   509 | D:1      | You pick up a book of Necromancy and begin reading...
   509 | D:1      | You add the spells Pain, Animate Skeleton, Vampiric
                  | Draining, Animate Dead and Agony to your library.
   548 | D:3      | You pick up a book of Frost and begin reading...
   548 | D:3      | You add the spells Freeze, Frozen Ramparts, Ozocubu's
                  | Armour, Hailstorm and Metabolic Englaciation to your
                  | library.
   603 | D:1      | You pick up a book of Minor Magic and begin reading...
   603 | D:1      | You add the spells Magic Dart, Blink, Call Imp, Slow,
                  | Conjure Flame and Mephitic Cloud to your library.
   968 | D:1      | Reached XP level 3. HP: 19/19 MP: 4/7
  1143 | D:1      | Reached skill level 4 in Conjurations
  2002 | D:2      | You pick up a book of Flames and begin reading...
  2002 | D:2      | You add the spells Foxfire, Inner Flame, Sticky Flame and
                  | Fireball to your library.
  2005 | D:2      | Learned a level 1 spell: Foxfire
  2009 | D:2      | Learned a level 3 spell: Swiftness
  2099 | D:2      | Reached XP level 4. HP: 17/24 MP: 2/8
  2276 | D:3      | Reached skill level 1 in Fighting
  2398 | D:2      | Reached skill level 1 in Fire Magic
  2636 | D:2      | You pick up a book of Cantrips and begin reading...
  2636 | D:2      | You add the spells Corona, Summon Small Mammal and
                  | Apportation to your library.
  2980 | D:3      | Gained mutation: Your magical nature lets you fly swiftly
                  | and evasively. [Tengu growth]
  2980 | D:3      | Reached XP level 5. HP: 29/29 MP: 7/9
  3150 | D:3      | Reached skill level 3 in Dodging
  3296 | D:3      | Reached skill level 2 in Fire Magic
  3296 | D:3      | Reached skill level 5 in Air Magic
  3476 | D:4      | You pick up a book of Callings and begin reading...
  3476 | D:4      | You add the spells Call Canine Familiar, Summon Guardian
                  | Golem, Summon Lightning Spire and Summon Ice Beast to your
                  | library.
  3651 | D:3      | You pick up a book of Necromancy and begin reading...
  3715 | D:3      | Reached skill level 5 in Conjurations
  4061 | D:3      | Reached skill level 3 in Fire Magic
  4061 | D:3      | Reached XP level 6. HP: 17/34 MP: 6/10
  4690 | D:5      | Entered Level 5 of the Dungeon
  4695 | D:5      | Reached skill level 4 in Fire Magic
  5257 | D:4      | Noticed a necrophage
  5272 | D:4      | Killed a necrophage
  5273 | D:4      | Reached XP level 7. HP: 30/38 MP: 1/11
  5898 | D:4      | Reached skill level 2 in Fighting
  5986 | D:4      | Found an opulent altar of Gozag.
  6115 | D:5      | Noticed a shadow
  6454 | D:4      | HP: 2/40 [something (26)]
  6818 | D:5      | Reached skill level 4 in Dodging
  6818 | D:5      | Reached skill level 3 in Spellcasting
  6818 | D:5      | Reached skill level 6 in Conjurations
  6818 | D:5      | Reached skill level 5 in Fire Magic
  6818 | D:5      | Reached XP level 8. HP: 45/45 MP: 7/13
  6843 | D:5      | Noticed Grinder
  6851 | D:5      | Reached skill level 6 in Air Magic
  6855 | D:5      | Killed Grinder
  6856 | D:5      | Reached skill level 3 in Fighting
  6939 | D:5      | Reached skill level 7 in Conjurations
  7269 | D:5      | Identified the +1 quarterstaff "Comawkuz" {flame, rElec
                  | SInv}
  7409 | D:6      | Identified a scroll of acquirement
  7409 | D:6      | Acquired 974 gold pieces
  7417 | D:6      | Learned a level 4 spell: Airstrike
  7421 | D:6      | Learned a level 3 spell: Mephitic Cloud
  7477 | D:6      | Reached skill level 4 in Spellcasting
  7477 | D:6      | Reached skill level 7 in Air Magic
  7617 | D:5      | HP: 15/69 [poisoned by a killer bee]
  7617 | D:5      | HP: 2/69 [killer bee (6)]
  7618 | D:5      | Succumbed to a killer bee's poison

Vanquished Creatures
  Grinder (D:5)
  A sky beast (D:5)
  A necrophage (D:4)
  3 ogres
  A scorpion (D:4)
  3 killer bees
  3 wights
  A bullfrog zombie (D:5)
  3 orc priests (D:3)
  2 hounds
  A scorpion zombie (D:5)
  An iguana (D:5)
  An orc wizard (D:3)
  A killer bee zombie (D:6)
  6 adders
  4 gnolls (D:2)
  4 worms
  2 dart slugs
  16 orcs
  2 ball pythons
  5 endoplasms
  2 giant cockroaches (D:3)
  6 goblins
  3 hobgoblins
  8 jackals
  5 quokkas
  6 bats
  7 frilled lizards
  4 kobolds
  4 rats
107 creatures vanquished.

Vanquished Creatures (others)
  382 foxfires
382 creatures vanquished.

Grand Total: 489 creatures vanquished

Table legend:
 A = Non-vault XP
 B = Vault XP
 C = Vault XP percentage of total XP
 D = Non-vault monster count
 E = Vault monster count
 F = Vault count percentage of total count
                 A         B        C        D         E       F
            +---------+---------+-------+---------+---------+-------
      Total |    1721 |     312 |  15.3 |      96 |      11 |  10.3
            +---------+---------+-------+---------+---------+-------
        D:1 |      39 |       0 |   0.0 |      19 |       0 |   0.0
        D:2 |     106 |       0 |   0.0 |      15 |       0 |   0.0
        D:3 |     279 |      31 |  10.0 |      33 |      10 |  23.3
        D:4 |     553 |       0 |   0.0 |      17 |       0 |   0.0
        D:5 |     598 |     281 |  32.0 |       9 |       1 |  10.0
        D:6 |     146 |       0 |   0.0 |       3 |       0 |   0.0
            +---------+---------+-------+---------+---------+-------

Illustrated notes

Table legend:
 A = Kills in this place as a percentage of kills in entire the game.
 B = Kills by you in this place as a percentage of kills by you in the entire game.
 C = Kills by friends in this place as a percentage of kills by friends in the entire game.
 D = Other kills in this place as a percentage of other kills in the entire game.
 E = Experience gained in this place as a percentage of experience gained in the entire game.
 F = Experience gained in this place divided by the number of levels of this place that you have seen.
                   A       B       C       D       E      F
               +-------+-------+-------+-------+-------+----------------------
         Total | 100.0 | 100.0 |   N/A |   N/A | 100.0 | 338.8
       Dungeon | 100.0 | 100.0 |   N/A |   N/A | 100.0 | 338.8
               +-------+-------+-------+-------+-------+----------------------

Table legend: (Time is in decaauts)
 A = Elapsed time spent in this place.
 B = Non-inter-level travel time spent in this place.
 C = Inter-level travel time spent in this place.
 D = Time resting spent in this place.
 E = Time spent auto-exploring this place.
 F = Levels seen in this place.
 G = Mean time per level.
                   A        B        C        D        E       F      G
               +--------+--------+--------+--------+--------+-----+--------+
         Total |   7432 |   7057 |    375 |   2326 |   3713 |   6 | 1238.7 |
       Dungeon |   7432 |   7057 |    375 |   2326 |   3713 |   6 | 1238.7 |
               +--------+--------+--------+--------+--------+-----+--------+

Top non-repeatable levels by time:
     D:3: 2092 daAuts
     D:4: 1554 daAuts
     D:1: 1533 daAuts
     D:2: 1358 daAuts
     D:5: 809 daAuts
     D:6: 84 daAuts
